 Dungeon Crawl Stone Soup version 0.20-a0-522-g0b37eee (webtiles) character file.

2291 Kaname the Sneak (level 9, -5/57 HPs)
             Began as a Demonspawn Enchanter on Jan 26, 2017.
             Slain by a killer bee (8 damage)
             ... on level 6 of the Dungeon.
             The game lasted 00:30:07 (10734 turns).

Kaname the Sneak (Demonspawn Enchanter)            Turns: 10734, Time: 00:30:09

Health: -5/57      AC:  9    Str:  8    XL:     9   Next: 17%
Magic:  12/12      EV: 11    Int: 20    God:
Gold:   173        SH:  0    Dex: 14    Spells: 4/12 levels left

rFire    + . .     SeeInvis .   k - +1 dagger (flame)
rCold    + . .     Gourm    .   o - +3 leather armour {MR+}
rNeg     + . .     Faith    .   (no shield)
rPois    +         Spirit   .   (helmet restricted)
rElec    .         Reflect  .   w - +1 cloak
rCorr    .         Harm     .   n - +0 pair of gloves
MR       +....                  (no boots)
Stlth    +++.......             (no amulet)
Regen    0.2/turn               e - ring of positive energy
                                u - ring of protection from fire

@: lethally poisoned (-5 -> -16), about to teleport
A: antennae 1, cold resistance 1, foul stench 1, poison resistance, powered by
death 1, wild magic 1, rot immunity
a: no special abilities


You were on level 6 of the Dungeon.
You were not hungry.

You visited 2 branches of the dungeon, and saw 8 of its levels.

You collected 313 gold pieces.
You spent 140 gold pieces at shops.

Inventory:

Hand Weapons
 k - a +1 dagger of flaming (weapon)
Armour
 n - a +0 pair of gloves (worn)
 o - a +3 leather armour of magic resistance (worn)
 w - a +1 cloak (worn)
Jewellery
 e - a ring of positive energy (right hand)
 r - the ring "Fegoac" {*Tele MR+ Dex+2}
   (You found it on level 4 of the Dungeon)

   [ring of teleportation]

   It may teleport you next to monsters.
   It affects your dexterity (+2).
   It affects your resistance to hostile enchantments.
 t - an uncursed ring of see invisible
 u - a ring of protection from fire (left hand)
Scrolls
 i - a scroll of enchant armour
 q - 2 scrolls of remove curse
Potions
 b - a potion of resistance {unknown}
 f - a potion of flight {unknown}
 g - a potion of beneficial mutation {unknown}
 m - 2 potions of brilliance
 p - a potion of curing
 v - a potion of haste
Comestibles
 d - 5 bread rations
 h - 2 fruits
 j - 4 royal jellies
 l - 2 meat rations


   Skills:
 + Level 6.9 Short Blades
 - Level 1.7 Dodging
 - Level 7.0 Stealth
 - Level 2.0 Spellcasting
 - Level 6.0 Hexes
 - Level 4.2 Ice Magic


You had 4 spell levels left.
You knew the following spells:

 Your Spells              Type           Power        Failure   Level  Hunger
a - Confuse               Hex            ####....     12%         3    ###....
b - Ensorcelled Hibernat  Hex/Ice        ####..       8%          2    ##.....
c - Tukima's Dance        Hex            ####....     12%         3    ###....


Dungeon Overview and Level Annotations

Branches:
Dungeon (7/15)             Temple (1/1) D:5

Altars:
Cheibriados
Dithmenos
Elyvilon
Fedhas
Hepliaklqana
Kikubaaqudgha
Nemelex Xobeh
Okawaru
Qazlal
Ru
Sif Muna
Trog
Uskayaw
Xom
Yredelemnul
Zin
The Shining One

Shops:
D:5 *   D:6 (


Innate Abilities, Weirdness & Mutations

You have a pair of small antennae on your head.
You may emit foul miasma when damaged in melee.
You regenerate a little health from kills.
You are immune to rotting.
Your flesh is cold resistant. (rC+)
Your system is resistant to poisons. (rPois)
Your spells are a little harder to cast, but a little more powerful.


Message History

You hit the scorpion but do no damage.
The scorpion is moderately wounded.
The killer bee stings you but does no damage.
The killer bee stings you.
* * * LOW HITPOINT WARNING * * *
You are lethally poisoned!
The killer bee poisons you!
The killer bee stings you but does no damage.
The scorpion is engulfed in dark miasma.
The scorpion looks even sicker.
The scorpion seems to slow down.
The scorpion stings you.
* * * LOW HITPOINT WARNING * * *
Unknown command.
You hit the scorpion. You burn the scorpion.
The scorpion is heavily wounded.
* * * LOW HITPOINT WARNING * * *
You feel sick. The killer bee stings you.
* * * LOW HITPOINT WARNING * * *
The killer bee stings you!
You die...

#....
#############...
##.....##......>.
##..............##
#................#
#................#
#o:..............#
#oy...............
#@y...............
#ys...........(...
##...............#
##......#.......#
#####.####.....#
#..# #....(.
###.#####......
#....##........
#.......#...#..


You could see an orc warrior, a scorpion, 3 killer bees and an orc.

Vanquished Creatures
  Grinder (D:5)
  Menkaure (D:5)
  A phantom (D:6)
  An ice beast (D:5)
  2 orc warriors (D:6)
  3 ogres
  2 centaurs
  A bullfrog (D:6)
  2 killer bees (D:6)
  A howler monkey (D:6)
  2 crimson imps (D:6)
  A centaur zombie (D:6)
  4 hounds
  Crazy Yiuf (D:5)
  A bullfrog skeleton (D:4)
  4 orc priests
  Terence (D:3)
  4 orc wizards
  4 worker ants
  2 hound skeletons
  3 worker ant zombies
  4 gnolls (D:3)
  10 adders
  A shadow imp (D:5)
  3 worms
  3 dart slugs
  5 leopard geckos
  39 orcs
  14 bats
  6 giant cockroaches
  17 goblins
  10 hobgoblins
  10 jackals
  A quokka (D:2)
  3 ball pythons
  6 frilled lizards
  5 kobolds
  A leopard gecko skeleton (D:5)
  A quokka zombie (D:5)
  13 rats
194 creatures vanquished.

Notes
Turn   | Place    | Note
-------+----------+-------------------------------------------
     0 | D:1      | Kaname the Demonspawn Enchanter began the quest for the Orb.
     0 | D:1      | Reached XP level 1. HP: 13/13 MP: 3/3
    42 | D:1      | Reached skill level 1 in Short Blades
   260 | D:1      | Gained mutation: You have a pair of small antennae on your head. [demonic ancestry]
   260 | D:1      | Reached XP level 2. HP: 15/19 MP: 3/5
   571 | D:1      | Learned a level 2 spell: Ensorcelled Hibernation
  1056 | D:1      | Reached XP level 3. HP: 9/24 MP: 0/6
  1911 | D:1      | Learned a level 3 spell: Confuse
  2106 | D:2      | Reached skill level 3 in Stealth
  2702 | D:2      | Found a glowing golden altar of the Shining One.
  2723 | D:2      | Reached skill level 1 in Ice Magic
  2863 | D:2      | Gained mutation: You regenerate a little health from kills. [demonic ancestry]
  2863 | D:2      | Reached XP level 4. HP: 30/30 MP: 4/7
  3166 | D:2      | Gained mutation: You are dopey. (Int -2) [potion of mutation]
  3166 | D:2      | Gained mutation: You evolve. [potion of mutation]
  3166 | D:2      | Lost mutation: You are dopey. (Int -2) [potion of mutation]
  3398 | D:2      | Found a glowing golden altar of the Shining One.
  4050 | D:2      | Found a glowing golden altar of the Shining One.
  4309 | D:3      | Found a snail-covered altar of Cheibriados.
  4638 | D:3      | Noticed Terence
  4679 | D:3      | Gained mutation: You are immune to rotting. [demonic ancestry]
  4679 | D:3      | Reached XP level 5. HP: 28/35 MP: 3/8
  4771 | D:3      | Killed Terence
  5046 | D:3      | Found a shadowy altar of Dithmenos.
  5075 | D:3      | Learned a level 3 spell: Tukima's Dance
  5153 | D:3      | Found a hide-covered altar of Uskayaw.
  5155 | D:3      | Found a basalt altar of Yredelemnul.
  5616 | D:3      | Reached skill level 5 in Hexes
  6031 | D:4      | Found a glowing silver altar of Zin.
  6106 | D:4      | Gained mutation: You may emit foul miasma when damaged in melee. [demonic ancestry]
  6106 | D:4      | Reached XP level 6. HP: 41/41 MP: 6/9
  6126 | D:4      | Gained mutation: Your system is resistant to poisons. (rPois) [potion of mutation]
  6126 | D:4      | Gained mutation: Your flesh is cold resistant. (rC+) [potion of mutation]
  6126 | D:4      | Gained mutation: Your spells are a little harder to cast, but a little more powerful. [potion of mutation]
  6856 | D:4      | Reached skill level 4 in Stealth
  6944 | D:4      | Got a twitching silver ring
  7016 | D:4      | Identified the ring "Fegoac" {*Tele MR+ Dex+2} (You found it on level 4 of the Dungeon)
  7391 | D:4      | Lost mutation: You evolve. [evolution]
  7511 | D:5      | Entered Level 5 of the Dungeon
  7589 | D:5      | Found a staircase to the Ecumenical Temple.
  7602 | Temple   | Entered the Ecumenical Temple
  7723 | D:5      | Reached XP level 7. HP: 46/46 MP: 5/10
  7736 | D:5      | Found Jovvimo's Assorted Antiques.
  7904 | D:5      | Reached skill level 5 in Short Blades
  7949 | D:5      | Noticed Menkaure
  8382 | D:5      | Killed Menkaure
  8382 | D:5      | Reached skill level 5 in Stealth
  8387 | D:5      | Noticed Grinder
  8785 | D:5      | Found an ancient bone altar of Kikubaaqudgha.
  8841 | D:5      | Reached XP level 8. HP: 37/52 MP: 2/11
  8884 | D:5      | Bought a large marble ring for 140 gold pieces
  8965 | D:5      | Found a runed door.
  9037 | D:5      | Killed Grinder
  9037 | D:5      | Reached skill level 6 in Stealth
  9204 | D:5      | Found a sacrificial altar of Ru.
  9207 | D:5      | Reached skill level 7 in Stealth
  9623 | D:5      | Noticed Crazy Yiuf
  9627 | D:5      | Killed Crazy Yiuf
  9730 | D:6      | Found Fydoen's Antique Weapon Emporium.
 10512 | D:6      | Reached XP level 9. HP: 53/57 MP: 7/12
 10734 | D:6      | Slain by a killer bee

Vault maps used:
D:1:      dpeg_arrival_solitude, bh_walls_and_bars
D:2:      overflow_temple_1_default, minmay_heptomino_l4
D:3:      kennysheep_slug_shrine, nicolae_overflow_hidden_temple, first_bread,
          uniq_terence
D:4:      zin_statuary, serial_forest, infiniplex_forest_lined_room_,
          infiniplex_forest_corner_2, infiniplex_forest_clump_medium,
          infiniplex_forest_clump_large, infiniplex_forest_lined_ring,
          infiniplex_forest_clump_medium, infiniplex_forest_straight_2,
          infiniplex_forest_clump_long, infiniplex_forest_corner_2
D:5:      kiku_gazebo_garden_becter, temple_pool_b, serial_shops,
          nicolae_shop_overgrown_old_shop, nicolae_ru_great_annihilating_truth,
          uniq_menkaure, uniq_grinder, uniq_crazy_yiuf_cottage
D:6:      serial_shops, shop, grunt_ministairs_11
Temple:   cyrus_temple_forest

Skill      XL: |  1  2  3  4  5  6  7  8 |
---------------+-------------------------+-----
Short Blades   | 1 2 3 4 5 6 |  6.9
Stealth        | 3 4 5 7 |  7.0
Ice Magic      | 1 2 4 |  4.2
Hexes          | 4 5 6 |  6.0
Dodging        | |  1.7
Spellcasting   | |  2.0

Action                   |  1- 3 |  4- 6 |  7- 9 || total
-------------------------+-------+-------+-------++-------
Melee: Dagger            |   242 |   309 |   387 ||   938
 Cast: Corona            |     3 |       |       ||     3
       Ensorcelled Hiber |     8 |    36 |    28 ||    72
       Confuse           |       |     2 |     8 ||    10
  Use: Scroll            |     4 |     4 |     3 ||    11
       Potion            |       |     6 |     1 ||     7
 Stab: Sleeping          |     8 |    23 |    23 ||    54
       Confused          |       |     1 |     5 ||     6
       Distracted        |       |       |     1 ||     1
       Paralysed         |       |       |     1 ||     1
  Eat: Chunk             |     7 |    18 |    13 ||    38
Armor: Robe              |    37 |    69 |    11 ||   117
       Skin              |       |       |    56 ||    56
       Leather armour    |       |       |    69 ||    69
Dodge: Dodged            |   139 |   178 |   171 ||   488
